 Dungeon Crawl Stone Soup version 0.25-a0-578-gc91f01c39c (webtiles) character file.

Game seed: 12949159163995683053, levelgen mode: deterministic

11106 Flugslaktarn the Cleaver (level 11, -1/100 HPs)
             Began as a Deep Dwarf Fighter on Mar 4, 2020.
             Was an Elder of Makhleb.
             Slain by a two-headed ogre
             ... wielding a +0 giant spiked club
              (20 damage)
             ... on level 10 of the Dungeon.
             The game lasted 00:04:07 (6409 turns).

Flugslaktarn the Cleaver (Deep Dwarf Fighter)       Turns: 6409, Time: 00:04:07

Health: -1/100     AC: 17    Str: 22    XL:     11   Next: 44%
Magic:  13/13      EV:  5    Int: 10    God:    Makhleb [****..]
Gold:   412        SH: 11    Dex: 12    Spells: 10/10 levels left

rFire    . . .     SeeInvis .   j - +1 war axe (flame)
rCold    . . .     Gourm    .   c - +0 kite shield
rNeg     . . .     Faith    .   K - +0 plate armour
rPois    .         Spirit   .   f - +0 helmet
rElec    .         Reflect  .   (no cloak)
rCorr    .         Harm     .   l - +0 pair of gloves {archery}
MR       +....                  (no boots)
Stlth    ..........             (no amulet)
HPRegen  0.00/turn              p - +1 ring of protection
MPRegen  0.13/turn              m - ring of flight

@: non-regenerating
A: damage resistance, heal wounds, sense surroundings 2, no regeneration
a: Heal Wounds, Minor Destruction, Lesser Servant of Makhleb, Major Destruction,
Renounce Religion, Evoke Flight


You were on level 10 of the Dungeon.
You worshipped Makhleb.
Makhleb was greatly pleased with you.
You were not hungry.

You visited 2 branches of the dungeon, and saw 11 of its levels.
You also visited: Ossuary.

You collected 412 gold pieces.

Inventory:

Hand Weapons
 j - a +1 war axe of flaming (weapon)
   (You took it off an orc on level 4 of the Dungeon)
 N - a +1 whip of distortion
   (You took it off a kobold on level 10 of the Dungeon)
Missiles
 i - 4 throwing nets (quivered)
Armour
 b - a +0 scale mail
 c - a +0 kite shield (worn)
 f - a +0 helmet (worn)
   (You found it on level 4 of the Dungeon)
 g - a +0 plate armour
   (You took it off an orc warrior on level 6 of the Dungeon)
 l - a +0 pair of gloves of archery (worn)
   (You found it on level 4 of the Dungeon)
 K - a +0 plate armour (worn)
   (You found it on level 8 of the Dungeon)
Jewellery
 m - a ring of flight (right hand)
   (You found it on level 6 of the Dungeon)
 p - a +1 ring of protection (left hand)
   (You found it on level 4 of the Dungeon)
 t - an uncursed ring of ice
   (You found it in an ossuary)
 u - a +4 ring of evasion {unknown}
   (You found it on level 7 of the Dungeon)
Wands
 s - a wand of paralysis (20)
   (You found it on level 7 of the Dungeon)
 D - a wand of scattershot (3)
   (You found it on level 8 of the Dungeon)
 H - a wand of acid (5)
   (You found it on level 8 of the Dungeon)
Scrolls
 k - 2 scrolls of enchant armour {unknown}
 r - 7 scrolls of identify
 x - 2 scrolls of remove curse
 y - 5 scrolls of teleportation {unknown}
 A - a scroll of enchant weapon {unknown}
 C - a scroll of fog {unknown}
 E - 3 scrolls of amnesia {unknown}
 F - a scroll of vulnerability {unknown}
 G - a scroll of magic mapping {unknown}
 L - a scroll of fear {unknown}
 M - 3 scrolls of acquirement {unknown}
Potions
 a - a potion of mutation
 d - a potion of invisibility {unknown}
 h - 3 potions of flight {unknown}
 n - 2 potions of berserk rage {unknown}
 o - a potion of degeneration {unknown}
 q - 4 potions of curing
 v - a potion of brilliance {unknown}
 w - a potion of lignification {unknown}
 z - 3 potions of haste {unknown}
 B - 3 potions of heal wounds {unknown}
 I - a potion of ambrosia {unknown}
 J - a potion of resistance {unknown}
Comestibles
 e - 15 rations
 O - a chunk of flesh


   Skills:
 + Level 7.5 Fighting
 * Level 11.8 Axes
 + Level 9.0 Armour
 + Level 9.0 Shields
 + Level 8.9 Invocations


You had 10 spell levels left.
You didn't know any spells.
Your spell library was empty.

Dungeon Overview and Level Annotations

Branches:
Dungeon (10/15)            Temple (1/1) D:5         Ossuary (visited)
   Lair: D:8-11         Orc: D:9-12

Altars:
Ashenzari
Cheibriados
Dithmenos
Elyvilon
Fedhas
Hepliaklqana
Kikubaaqudgha
Makhleb
Nemelex Xobeh
Okawaru
Qazlal
Ru
Sif Muna
Trog
Vehumet
Wu Jian
Xom
Yredelemnul
The Shining One

Shops:
D:6 %=*}

Annotations:
D:5 2 transporters
D:7 Prince Ribbit
D:8 2 transporters


Innate Abilities, Weirdness & Mutations

You are resistant to damage.
You can heal yourself by infusing magical energy.
You passively map the area around you.
You do not regenerate.


Message History

Eating one of 2 chunks of flesh.
You eat one of the 2 chunks of flesh.
This raw flesh tastes terrible.
You open the door.
There is an open door here.
A two-headed ogre comes into view.
It is wielding two +0 giant spiked clubs.
A two-headed ogre is nearby!
The two-headed ogre hits you with a +0 giant spiked club!!
The two-headed ogre hits you with a +0 giant spiked club!
You slash the two-headed ogre! You burn the two-headed ogre.
The two-headed ogre is moderately wounded.
The two-headed ogre hits you with a +0 giant spiked club!!
You block the two-headed ogre's attack.
You hit the two-headed ogre but do no damage.
The two-headed ogre is moderately wounded.
You slash the two-headed ogre! You burn the two-headed ogre.
The two-headed ogre is moderately wounded.
The two-headed ogre hits you with a +0 giant spiked club!!
* * * LOW HITPOINT WARNING * * *
The two-headed ogre hits you with a +0 giant spiked club!!
You die...

,, , , , , , ,,,, , ,
#.# , , * * *, ## #.#
, *, .. ... , , ,* , ,
*.##.. , * , *, , ,
...# , , ** *
#..####... ,, ** ,
#.O....... , , * #@#*
## , *, #####.# .. ,,
, ###.....##.##### ...
, ..'............. ,
... ###.....##.##### *
, ... * #.....##.###
*, ... #.....##.#.###,
,,
,#.#########.##.#...,
*,,
,...#...........##.#.#
* #


You could see a two-headed ogre.

Vanquished Creatures
  Erolcha (D:9)
  Harold (D:9)
  2 two-headed ogres
  A deep elf mage (D:8)
  Joseph (D:7)
  A kobold demonologist (D:9)
  A queen bee (D:8)
  2 hippogriffs
  2 hungry ghosts
  Menkaure (D:7)
  3 orc warriors
  2 sky beasts
  3 ice beasts
  A phantom (D:5)
  7 ogres
  5 centaurs
  16 big kobolds
  8 bullfrogs
  A gnoll sergeant (D:5)
  3 scorpions (D:6)
  A wyvern skeleton (D:8)
  25 killer bees
  6 howler monkeys
  6 crimson imps
  4 bullfrog zombies
  5 hounds
  A jelly (D:5)
  An orc priest (D:4)
  A centaur skeleton (D:8)
  7 orc wizards
  4 iguanas
  3 worker ants
  A killer bee zombie (Ossuary)
  2 hound zombies
  15 mummies (Ossuary)
  2 howler monkey skeletons
  4 worker ant zombies
  7 adders
  11 gnolls
  A shadow imp (D:6)
  An ooze (D:7)
  3 adder zombies
  An adder skeleton (D:4)
  A worm (D:4)
  A leopard gecko (D:9)
  26 orcs
  A giant cockroach (D:4)
  A goblin (D:1)
  A hobgoblin (D:1)
  3 jackals (D:3)
  9 kobolds
  A quokka (D:4)
  A bat (D:2)
  A frilled lizard (D:4)
  A giant cockroach zombie (Ossuary)
  A leopard gecko skeleton (D:8)
  A leopard gecko zombie (Ossuary)
223 creatures vanquished.

Vanquished Creatures (others)
  A withered plant (Ossuary)
1 creature vanquished.

Grand Total: 224 creatures vanquished

Notes
Turn   | Place    | Note
-------+----------+-------------------------------------------
     0 | D:1      | Flugslaktarn the Deep Dwarf Fighter began the quest for the
                  | Orb.
     0 | D:1      | Reached XP level 1. HP: 20/20 MP: 1/1
   119 | D:4      | Noticed an ogre
   126 | D:4      | Killed an ogre
   126 | D:4      | Reached skill level 3 in Axes
   126 | D:4      | Reached XP level 2. HP: 28/28 MP: 2/2
   126 | D:4      | Reached XP level 3. HP: 34/34 MP: 3/3
   126 | D:4      | Reached XP level 4. HP: 42/42 MP: 4/4
   195 | D:4      | Reached skill level 4 in Axes
   195 | D:4      | Reached XP level 5. HP: 38/49 MP: 5/5
   281 | D:4      | Found a bloodstained altar of Trog.
   326 | D:4      | Reached XP level 6. HP: 44/56 MP: 6/6
   650 | D:5      | Entered Level 5 of the Dungeon
   679 | D:5      | Found a staircase to the Ecumenical Temple.
   680 | D:5      | Found a snail-covered altar of Cheibriados.
   683 | D:5      | Reached skill level 5 in Axes
   690 | Temple   | Entered the Ecumenical Temple
   886 | Temple   | Became a worshipper of Makhleb the Destroyer
   922 | D:5      | Reached skill level 1 in Invocations
   923 | D:5      | Reached XP level 7. HP: 25/63 MP: 7/7
  1090 | D:5      | Reached skill level 5 in Shields
  1107 | D:5      | Reached skill level 5 in Armour
  1122 | D:5      | Found a shattered altar of Ashenzari.
  1127 | D:5      | Found a transporter.
  1293 | D:5      | Found a transporter.
  1301 | D:5      | Reached skill level 6 in Axes
  1490 | D:5      | Reached XP level 8. HP: 54/73 MP: 7/7
  1745 | D:5      | Found a shimmering blue altar of Sif Muna.
  2179 | D:6      | Found a hazy altar of Hepliaklqana.
  2231 | D:6      | Found a shadowy altar of Dithmenos.
  2269 | D:6      | Found an ancient bone altar of Kikubaaqudgha.
  2272 | D:6      | Found a sacrificial altar of Ru.
  2300 | D:6      | Reached skill level 7 in Axes
  2367 | D:6      | Found Atsuel's Food Shoppe.
  2476 | D:6      | Found Roovyc's Jewellery Shop.
  2529 | D:6      | Found Zeckol's General Store.
  2581 | D:6      | Reached skill level 5 in Fighting
  2593 | D:6      | Found a burning altar of Makhleb.
  2621 | D:6      | Found Kilus's Gadget Boutique.
  2744 | D:6      | Reached * piety under Makhleb
  3210 | D:7      | Reached skill level 8 in Axes
  3210 | D:7      | Gained mutation: You passively map the area around you.
                  | [Deep Dwarf growth]
  3210 | D:7      | Reached XP level 9. HP: 67/81 MP: 9/9
  3243 | D:7      | Noticed Joseph
  3257 | D:7      | Killed Joseph
  3257 | D:7      | Reached skill level 5 in Invocations
  3324 | D:7      | Found a shimmering altar of Xom.
  3325 | D:7      | Found a shimmering altar of Xom.
  3326 | D:7      | Found a shimmering altar of Xom.
  3327 | D:7      | Found a shimmering altar of Xom.
  3327 | D:7      | Found a shimmering altar of Xom.
  3339 | D:7      | Found a shimmering altar of Xom.
  3339 | D:7      | Found a shimmering altar of Xom.
  3355 | D:7      | Found a sand-covered staircase.
  3411 | Ossuary  | Entered an ossuary
  3554 | Ossuary  | Reached ** piety under Makhleb
  3701 | D:7      | Noticed Menkaure
  3708 | D:7      | Killed Menkaure
  3817 | D:7      | Reached skill level 9 in Axes
  4021 | D:7      | Noticed Prince Ribbit
  4359 | D:8      | Noticed a deep elf mage
  4555 | D:8      | Killed a deep elf mage
  4555 | D:8      | Reached XP level 10. HP: 78/91 MP: 10/12
  5063 | D:8      | Reached skill level 10 in Axes
  5186 | D:8      | Found a transporter.
  5207 | D:8      | Found a transporter.
  5519 | D:9      | Noticed Harold
  5526 | D:9      | Reached *** piety under Makhleb
  5545 | D:9      | Killed Harold
  5733 | D:9      | Reached skill level 11 in Axes
  5904 | D:9      | Noticed Erolcha
  5924 | D:9      | Killed Erolcha
  5924 | D:9      | Reached XP level 11. HP: 59/100 MP: 14/14
  6014 | D:9      | Noticed a two-headed ogre
  6024 | D:9      | Killed a two-headed ogre
  6027 | D:9      | Found a hazy altar of Hepliaklqana.
  6189 | D:9      | Reached **** piety under Makhleb
  6296 | D:10     | Entered Level 10 of the Dungeon
  6296 | D:10     | Noticed a two-headed ogre
  6302 | D:10     | Killed a two-headed ogre
  6403 | D:10     | Noticed a two-headed ogre
  6409 | D:10     | Slain by a two-headed ogre

Levels and vault maps discovered:
D:1:      nzn_arrival_depleted_hourglass, layout_basic,
          minmay_misc_feat_nine_boxes
D:2:      layout_loops_ring, grunt_gozag_statues,
          eat_drink_and_be_merry_uskayaw, first_ration,
          minmay_gold_behind_fungi, nicolae_dithmenos_through_a_glass_darkly
D:3:      layout_loops_cross, zin_treasury, lemuel_crystal_altar, uniq_jessica,
          uniq_natasha, uniq_terence
D:4:      layout_rooms, bloody_trog
D:5:      layout_layer_cave, lemuel_blue_sif_altar,
          gammafunk_temple_overflow_arena, minmay_temple_entry_offerings,
          cheibriados_altar_1
D:6:      layout_loops_corners, lemuel_round_altar, grunt_temple_overflow_open,
          serial_shops, nicolae_shop_statue_plus, nicolae_shop_behind_doors,
          nicolae_shop_temple_entry_statues_fountains, shop_fountains,
          basic_altar, makhleb_heckhound_becter
D:7:      layout_loops_corners, nicolae_xom_altar_mimics,
          nicolae_ossuary_entry_monument, uniq_menkaure, uniq_prince_ribbit1,
          uniq_joseph
D:8:      gammafunk_wand_slinger, layout_basic, david_nohive_1
D:9:      layout_loops_cross, marbit_many_paths, special_room
          [special_room_kobold], uniq_erolcha, uniq_harold
D:10:     layout_basic, minmay_misc_feat_five, nicolae_ru_sacrificial_ziggurat
Temple:   chequers_temple_sunken

Skill      XL: |  1  2  3  4  5  6  7  8  9 10 11 |
---------------+----------------------------------+-----
Fighting       | 3 4 5 6 7 |  7.5
Axes           | 3 4 5 6 8 9 11 | 11.8
Shields        | 4 5 6 7 8 9 |  9.0
Armour         | 4 5 6 7 8 9 |  9.0
Invocations    | 1 3 4 6 8 |  8.9

Action                   |  1- 3 |  4- 6 |  7- 9 | 10-12 || total
-------------------------+-------+-------+-------+-------++-------
Melee: War axe           |    17 |   100 |   419 |   365 ||   901
 Abil: Heal Wounds       |       |     5 |    14 |    11 ||    30
  Use: Scroll            |       |       |     3 |       ||     3
       Potion            |       |       |       |     1 ||     1
  Eat: Chunk             |       |       |    15 |     6 ||    21
       Ration            |       |       |       |     2 ||     2
Armor: Scale mail        |     7 |    40 |    44 |       ||    91
       Plate armour      |       |       |   135 |   272 ||   407
Dodge: Dodged            |     5 |    36 |    79 |    84 ||   204
Block: Kite shield       |     8 |    56 |   210 |   253 ||   527

Table legend:
 A = Non-vault XP
 B = Vault XP
 C = Vault XP percentage of total XP
 D = Non-vault monster count
 E = Vault monster count
 F = Vault count percentage of total count
                 A         B        C        D         E       F
            +---------+---------+-------+---------+---------+-------
      Total |    9527 |    6339 |  40.0 |     155 |      68 |  30.5
            +---------+---------+-------+---------+---------+-------
        D:1 |       4 |       0 |   0.0 |       2 |       0 |   0.0
        D:2 |       1 |       0 |   0.0 |       1 |       0 |   0.0
        D:3 |       6 |       0 |   0.0 |       3 |       0 |   0.0
        D:4 |     453 |       0 |   0.0 |      28 |       0 |   0.0
        D:5 |    1143 |       0 |   0.0 |      22 |       0 |   0.0
        D:6 |     986 |      40 |   3.9 |      23 |       1 |   4.2
        D:7 |     566 |     624 |  52.4 |      10 |       2 |  16.7
        D:8 |    2115 |    1265 |  37.4 |      23 |      16 |  41.0
        D:9 |    2744 |    3908 |  58.7 |      32 |      24 |  42.9
       D:10 |    1509 |       0 |   0.0 |      11 |       0 |   0.0
    Ossuary |       0 |     502 | 100.0 |       0 |      25 | 100.0
            +---------+---------+-------+---------+---------+-------
